 Dungeon Crawl Stone Soup version 0.32-a0-329-ge6c31236d6 (webtiles) character file.

Game seed: 4857665221668006046

11694 n00bmints the Basher (level 11, -1/101 HPs)
             Began as a Minotaur Berserker on Feb 16, 2024.
             Was a High Priest of Trog.
             Slain by a skeletal warrior
             ... wielding a +2 hand axe of electrocution
              (17 damage)
             ... on level 12 of the Dungeon.
             The game lasted 01:20:14 (10137 turns).

n00bmints the Basher (Minotaur Berserker)          Turns: 10137, Time: 01:20:15

Health: -1/101     AC: 18    Str: 32    XL:     11   Next: 52%
Magic:  10/10      EV: 11    Int:  4    God:    Trog [*****.]
Gold:   1585       SH:  9    Dex: 16    Spells: 10/10 levels left

rFire   . . .        s - +0 morningstar
rCold   . . .        G - +0 kite shield
rNeg    . . .        K - +1 plate armour
rPois   .            (helmet restricted)
rElec   .            (no cloak)
rCorr   .            y - +0 pair of gloves
SInv    .            (no boots)
Will    .....        F - amulet of regeneration Stlth
                     L - +6 ring of strength
HPRegen 1.16/turn    E - +6 ring of dexterity
MPRegen 0.12/turn

%: no passive effects
@: on berserk cooldown, slowed, very slow
A: horns 2, retaliatory headbutt
a: Renounce Religion, Berserk, Trog's Hand, Brothers in Arms


You were on level 12 of the Dungeon.
You worshipped Trog.
Trog was extremely pleased with you.
You visited 2 branches of the dungeon, and saw 11 of its levels.
You also visited: Ossuary.

You collected 1627 gold pieces.
You spent 42 gold pieces at shops.

Inventory:

Hand Weapons
 s - a +0 morningstar (weapon)
 H - a +1 mace of protection
Armour
 y - a +0 pair of gloves (worn)
 G - a +0 kite shield (worn)
 K - a +1 plate armour (worn)
Jewellery
 b - an amulet of regeneration
 c - a +6 ring of dexterity
 v - a ring of poison resistance
 E - a +6 ring of dexterity (right hand)
 F - an amulet of regeneration (around neck)
 L - a +6 ring of strength (left hand)
Scrolls
 a - a scroll of enchant armour
 d - 4 scrolls of amnesia
 f - 2 scrolls of immolation
 g - 5 scrolls of teleportation
 i - a scroll of identify
 j - a scroll of noise
 n - 4 scrolls of fear
 w - 2 scrolls of poison
 D - a scroll of blinking {unknown}
 I - a scroll of silence
Potions
 e - 4 potions of haste {unknown}
 h - 2 potions of might {unknown}
 k - a potion of attraction {unknown}
 l - a potion of curing
 o - 3 potions of heal wounds {unknown}
 p - 5 potions of degeneration {unknown}
 q - 4 potions of brilliance {unknown}
 r - 6 potions of invisibility {unknown}
 t - 3 potions of lignification {unknown}
 u - 2 potions of berserk rage {unknown}
 z - 2 potions of mutation {unknown}
 B - a potion of ambrosia {unknown}
 C - 2 potions of enlightenment {unknown}
 J - a potion of resistance {unknown}


   Skills:
 * Level 10.3 Fighting
 * Level 13.4 Maces & Flails
 * Level 12.2 Armour
 * Level 7.3 Dodging
 + Level 0.7 Stealth
 + Level 4.2 Shields


You had 10 spell levels left.
You didn't know any spells.
Your spell library was empty.

Dungeon Overview and Level Annotations

Branches:
Dungeon (12/15)            Temple (1/1) D:7            Lair (0/5) D:10
Ossuary (visited)
    Orc: D:9-12

Altars:
Ashenzari
Cheibriados
Dithmenos
Elyvilon
Hepliaklqana
Kikubaaqudgha
Makhleb
Nemelex Xobeh
Okawaru
Qazlal
Ru
Sif Muna
Trog
Uskayaw
Vehumet
Wu Jian
Yredelemnul
Zin
The Shining One

Shops:
D:1 :   D:2 !


Innate Abilities, Weirdness & Mutations

You have a pair of horns on your head.
You reflexively headbutt those who attack you in melee.


Message History

Trog accepts your kill.
Your Armour skill increases to level 12!
You sock the skeletal warrior!
The skeletal warrior is lightly damaged.
You puncture the skeletal warrior!
The skeletal warrior is moderately damaged.
The skeletal warrior hits you with a +0 long sword!
You bludgeon the skeletal warrior!! You headbutt the skeletal warrior!
The skeletal warrior is almost destroyed.
You completely miss the skeletal warrior.
You headbutt the skeletal warrior!
You destroy the skeletal warrior!
Trog accepts your kill.
You are no longer berserk.
You are exhausted.
You feel yourself slow down.
Things that are here:
a +0 long sword; a +0 flail The shadow slips into darkness.
The shadow flickers and vanishes!
Deactivating autopickup; reactivate with Ctrl-A.
The skeletal warrior hits you with a +2 hand axe of electrocution!
You sock the skeletal warrior!
Your headbutt misses the skeletal warrior.
The skeletal warrior is moderately damaged.
The skeletal warrior hits you but does no damage.
The skeletal warrior hits you with a +2 hand axe of electrocution.
You block the skeletal warrior's attack.
You hit the skeletal warrior but do no damage.
The skeletal warrior is moderately damaged.
You block the skeletal warrior's attack. x2
You hit the skeletal warrior.
The skeletal warrior is moderately damaged.
The skeletal warrior hits you with a +2 hand axe of electrocution.
You are electrocuted!!
* * * LOW HITPOINT WARNING * * *
The skeletal warrior hits you from afar with a +0 glaive!
* * * LOW HITPOINT WARNING * * *
The skeletal warrior hits you with a +2 hand axe of electrocution!
You die...

####### #####+#####
....... ###.........#
...{... ##.'.........#
....... ###z@#.........#
...z...##{z.##.........#
...z...#..####.........+
....z.?'.## #.........#
$......### ##'########
#+##### #.### #....#
#.).# ####.##### ###.#
#.......# ######'###


You could see 2 skeletal warriors.

Vanquished Creatures
  A two-headed ogre (D:11)
  2 skeletal warriors (D:12)
  An ugly thing (D:11)
  A gargoyle (D:6)
  2 komodo dragons (D:10)
  An unseen horror (D:12)
  A kobold demonologist (D:7)
  3 trolls
  A vampire (D:11)
  A yak (D:6)
  3 shadows
  2 wyverns
  2 steam dragons
  8 vampire mosquitoes
  An acid dragon (D:11)
  Duvessa (D:7)
  3 water moccasins (D:10)
  An orc warrior (D:10)
  2 ice beasts
  5 black bears
  A sky beast (D:7)
  An ogre (D:4)
  5 centaurs
  8 phantoms
  A kobold brigand (D:10)
  A weeping skull (Ossuary)
  4 bullfrogs
  4 gnoll sergeants
  3 scorpions
  8 water moccasin zombies (Ossuary)
  Dowan (D:7)
  4 killer bees (D:10)
  A bombardier beetle (D:3)
  8 hounds
  A jelly (D:4)
  2 gnoll boudas
  An orc priest (D:4)
  A spectral scorpion (Ossuary)
  5 iguanas
  4 orc wizards
  Natasha (thrice) (D:4)
  Terence (D:2)
  A bullfrog simulacrum (Ossuary)
  2 mummies (Ossuary)
  25 gnolls
  8 adders
  3 shadow imps
  2 white imps (D:7)
  A ribbon worm zombie (D:5)
  An ufetubus (D:6)
  6 adder zombies (Ossuary)
  A dart slug (D:3)
  2 ribbon worms
  20 orcs
  9 ball pythons
  5 endoplasms
  4 giant cockroaches
  8 gnoll zombies (Ossuary)
  5 goblins
  11 hobgoblins
  2 jackals (D:6)
  A quokka (D:1)
  9 bats
  2 frilled lizards
  2 jackal zombies (Ossuary)
  16 kobolds
  3 orc zombies (Ossuary)
  9 rats
  2 rat zombies (D:5)
270 creatures vanquished.

Notes
Turn   | Place    | Note
-------+----------+-------------------------------------------
     0 | D:1      | n00bmints the Minotaur Berserker began the quest for the
                  | Orb.
     0 | D:1      | Reached XP level 1. HP: 19/19 MP: 0/0
    12 | D:1      | Found Peygy's Book Shop.
   107 | D:1      | Reached skill level 4 in Maces & Flails
   107 | D:1      | Reached XP level 2. HP: 15/27 MP: 1/1
   504 | D:1      | Reached XP level 3. HP: 33/33 MP: 2/2
   733 | D:1      | Reached ** piety under Trog
   881 | D:2      | Found Lah Zeu's Distillery.
  1103 | D:2      | Reached XP level 4. HP: 41/41 MP: 3/3
  1496 | D:2      | Bought a potion of curing for 42 gold pieces
  1785 | D:2      | Noticed Terence
  1795 | D:2      | Killed Terence
  1796 | D:2      | Reached skill level 5 in Maces & Flails
  2083 | D:3      | Reached XP level 5. HP: 47/47 MP: 4/4
  2281 | D:3      | Reached skill level 5 in Fighting
  2297 | D:3      | Found a faded altar of an unknown god.
  2306 | D:3      | Found a glowing silver altar of Zin.
  2826 | D:4      | Noticed Natasha
  2855 | D:4      | Killed Natasha
  2856 | D:4      | Reached skill level 6 in Maces & Flails
  2929 | D:4      | Reached *** piety under Trog
  2937 | D:4      | Noticed Natasha
  2947 | D:4      | Killed Natasha
  2948 | D:4      | Reached XP level 6. HP: 45/56 MP: 5/5
  3336 | D:4      | Reached skill level 7 in Maces & Flails
  3453 | D:4      | Noticed Natasha
  3463 | D:4      | Killed Natasha
  3502 | D:4      | Reached XP level 7. HP: 57/61 MP: 6/6
  3511 | D:4      | Reached skill level 5 in Armour
  3913 | D:5      | Entered Level 5 of the Dungeon
  3955 | D:5      | Noticed a steam dragon
  3963 | D:5      | Killed a steam dragon
  4131 | D:5      | Found a white marble altar of Elyvilon.
  4137 | D:5      | Reached skill level 8 in Maces & Flails
  4137 | D:5      | Reached XP level 8. HP: 70/70 MP: 7/7
  4442 | D:5      | Found a sand-covered staircase.
  4513 | Ossuary  | Entered an ossuary
  4543 | Ossuary  | Reached skill level 9 in Maces & Flails
  4556 | Ossuary  | Reached **** piety under Trog
  4741 | Ossuary  | Reached XP level 9. HP: 74/79 MP: 8/8
  5170 | D:6      | Reached skill level 10 in Maces & Flails
  5351 | D:6      | Reached skill level 5 in Dodging
  5503 | D:6      | Reached skill level 1 in Shields
  5818 | D:6      | Found a shimmering blue altar of Sif Muna.
  6029 | D:6      | Reached skill level 11 in Maces & Flails
  6317 | D:6      | Noticed a troll
  6317 | D:6      | Noticed a gargoyle
  6535 | D:6      | Killed a troll
  6538 | D:6      | Killed a gargoyle
  6539 | D:6      | Reached skill level 10 in Armour
  6539 | D:6      | Reached XP level 10. HP: 73/88 MP: 9/9
  6812 | D:7      | Noticed Duvessa
  6812 | D:7      | Noticed Dowan
  6817 | D:7      | Killed Duvessa
  6820 | D:7      | Killed Dowan
  6879 | D:7      | Found a basalt altar of Yredelemnul.
  7008 | D:7      | Found a staircase to the Ecumenical Temple.
  7069 | Temple   | Entered the Ecumenical Temple
  7208 | D:7      | Noticed a sun demon
  7575 | D:7      | Found a sparkling altar of Nemelex Xobeh.
  7627 | D:7      | You fall into a shaft and drop 3 floors!
  7627 | D:10     | Entered Level 10 of the Dungeon
  7729 | D:10     | Reached skill level 12 in Maces & Flails
  7822 | D:10     | Reached ***** piety under Trog
  7879 | D:10     | Found a staircase to the Lair.
  8084 | D:10     | Reached XP level 11. HP: 99/99 MP: 10/10
  8614 | D:10     | Identified a scroll of acquirement
  8619 | D:10     | Acquired 694 gold pieces
  8746 | D:11     | Reached skill level 13 in Maces & Flails
  9080 | D:11     | Found a sacrificial altar of Ru.
  9082 | D:11     | Noticed a white ugly thing
  9092 | D:11     | Killed a white ugly thing
  9103 | D:11     | Reached skill level 10 in Fighting
  9745 | D:11     | Noticed a two-headed ogre
  9753 | D:11     | Killed a two-headed ogre
 10111 | D:12     | Noticed a skeletal warrior
 10111 | D:12     | Noticed a skeletal warrior
 10111 | D:12     | Noticed a skeletal warrior
 10112 | D:12     | Noticed a skeletal warrior
 10128 | D:12     | Killed a skeletal warrior
 10132 | D:12     | Killed a skeletal warrior
 10137 | D:12     | Slain by a skeletal warrior

Illustrated notes

Levels and vault maps discovered:
D:1:      minmay_arrival_plants_in_alcoves, layout_loops_ring, serial_shops,
          nicolae_shop_competitors_out_of_business, st_stairs_4,
          minmay_heptomino_h4
D:2:      layout_basic, serial_shops, nicolae_shop_industrial_runoff,
          minmay_tiny_reverse_x, uniq_terence
D:3:      layout_loops_ring, nicolae_overflow_ecumenical_swirl
D:4:      layout_cave_pods, lightli_corner_chamber, uniq_natasha
D:5:      layout_rooms, mainiacjoe_overflow_boulevard, enter_ossuary_3,
          chequers_serial_rivers_marsh, small_statue_alley_b
D:6:      minmay_klotski, layout_cave_pools,
          mainiacjoe_overflow_concentric_impassable, serial_gnoll_camp,
          gnoll_camp_mini_doghouse, gnoll_camp_mini_hut, gnoll_camp_mini_hut,
          gnoll_camp_mini_doghouse, kennysheep_generic_room_8
D:7:      layout_rooms, marbit_many_paths, mainiacjoe_overflow_small_starburst,
          minmay_temple_entry_mist, uniq_duvessa
D:10:     layout_roguey, due_lair_maze_entry_diamond
D:11:     layout_basic, nicolae_ru_awakened_eye
D:12:     layout_roguey, uniq_frances
Temple:   nicolae_temple_figure_eight

Skill      XL: |  1  2  3  4  5  6  7  8  9 10 11 |
---------------+----------------------------------+-----
Maces & Flails | 4 5 6 7 8 9 11 12 13 | 13.4
Fighting       | 4 5 6 7 8 9 10 | 10.3
Armour         | 3 4 6 7 10 11 12 | 12.2
Dodging        | 3 4 5 6 7 |  7.3
Shields        | 1 3 4 |  4.2
Stealth        | |  0.7

Action                     |  1- 3 |  4- 6 |  7- 9 | 10-12 || total
---------------------------+-------+-------+-------+-------++-------
  Melee: Mace              |    50 |   124 |   348 |   254 ||   776
         Headbutt          |     8 |    22 |    75 |    69 ||   174
         Morningstar       |       |       |       |    81 ||    81
 Invoke: Berserk           |       |     4 |    13 |     7 ||    24
         Trog's Hand       |       |       |     1 |       ||     1
    Use: Potion            |       |     5 |       |       ||     5
         Scroll            |       |       |     2 |    11 ||    13
 Armour: Animal skin       |     9 |       |       |       ||     9
         Leather armour    |     4 |       |       |       ||     4
         Scale mail        |    20 |    21 |       |       ||    41
         Chain mail        |       |   100 |   326 |    32 ||   458
         Plate armour      |       |       |       |   273 ||   273
  Dodge: Dodged            |    37 |    56 |   172 |   119 ||   384
  Block: Buckler           |       |       |    42 |       ||    42
         Kite shield       |       |       |       |   180 ||   180

Table legend: (Time is in decaauts)
 A = Elapsed time spent in this place.
 B = Non-inter-level travel time spent in this place.
 C = Inter-level travel time spent in this place.
 D = Time resting spent in this place.
 E = Time spent auto-exploring this place.
 F = Levels seen in this place.
 G = Mean time per level.
                   A        B        C        D        E       F      G
               +--------+--------+--------+--------+--------+-----+--------+
         Total |  10363 |   9894 |    469 |      0 |    704 |  12 |  863.6 |
       Dungeon |   9825 |   9356 |    469 |      0 |    704 |  10 |  982.5 |
        Temple |    100 |    100 |      0 |      0 |      0 |   1 |  100.0 |
       Ossuary |    437 |    437 |      0 |      0 |      0 |   1 |  437.0 |
               +--------+--------+--------+--------+--------+-----+--------+

Top non-repeatable levels by time:
     D:6: 1661 daAuts
     D:2: 1211 daAuts
    D:11: 1177 daAuts
     D:4: 1154 daAuts
    D:10: 1034 daAuts
     D:5: 893 daAuts
     D:1: 834 daAuts
     D:3: 810 daAuts
     D:7: 738 daAuts
 Ossuary: 437 daAuts
    D:12: 311 daAuts
  Temple: 100 daAuts
